 Dungeon Crawl Stone Soup version 0.23.2 (webtiles) character file.

Game seed: 7905713801525178690

7898 Kisielow the Basher (level 11, -9/69 HPs)
             Began as a Gargoyle Fighter on Apr 11, 2019.
             Was an Initiate of Qazlal.
             Headbutted by a minotaur (17 damage)
             ... in a Gauntlet.
             The game lasted 00:18:11 (8907 turns).

Kisielow the Basher (Gargoyle Fighter)              Turns: 8907, Time: 00:18:12

Health: -9/69      AC: 19    Str: 28    XL:     11   Next: 22%
Magic:  11/11      EV: 10    Int: 11    God:    Qazlal [......]
Gold:   569        SH: 15    Dex:  9    Spells: 10/10 levels left

rFire    . . .     SeeInvis .   n - +5 whip (elec)
rCold    . . .     Gourm    .   c - +1 shield
rNeg     + . .     Faith    .   l - +0 chain mail
rPois    ∞         Spirit   .   (no helmet)
rElec    +         Reflect  +   (no cloak)
rCorr    .         Harm     .   (no gloves)
MR       +....     NoTele   +   (no boots)
Stlth    ..........             r - +2 amulet of reflection
HPRegen  0.21/turn              h - +2 ring of evasion
MPRegen  0.12/turn              (no ring)

@: mighty
A: clever 1, magic resistance 1, negative energy resistance 1, electricity
resistance, unbreathing, petrification resistance, rot immunity, sturdy frame 1,
AC +8
a: Renounce Religion


You were in a Gauntlet.
You worshipped Qazlal.
Qazlal was noncommittal.
You were hungry.

You visited 3 branches of the dungeon, and saw 11 of its levels.
You also visited: Sewer and Gauntlet.

You collected 569 gold pieces.

Inventory:

Hand Weapons
 g - a +1 flail of holy wrath
 n - a +5 whip of electrocution (weapon)
Armour
 c - a +1 shield (worn)
 l - a +0 chain mail (worn)
 G - the +0 pair of boots "Maloz" {-Cast Int+8 Slay+6, unknown}
   (You found it in a Gauntlet)

   It affects your intelligence (+8).
   It affects your accuracy and damage with ranged weapons and melee attacks
   (+6).
   It prevents spellcasting.
Magical Staves
 F - an uncursed staff of summoning {unknown}
Jewellery
 h - a +2 ring of evasion (left hand)
 r - a +2 amulet of reflection (around neck)
 z - a +3 ring of dexterity {unknown}
Wands
 p - a wand of flame (27)
 w - a wand of polymorph (7)
 y - a wand of enslavement (9)
 A - a wand of iceblast (7)
 D - a wand of paralysis (10)
Scrolls
 b - 4 scrolls of identify
 i - 7 scrolls of teleportation
 j - a scroll of fear
 m - 2 scrolls of enchant armour
 t - 2 scrolls of remove curse
 u - a scroll of blinking
 v - a scroll of fog
 x - a scroll of amnesia
Potions
 a - a potion of resistance
 e - 2 potions of cancellation
 k - a potion of brilliance
 o - a potion of heal wounds
 q - a potion of mutation
 s - 4 potions of curing
 C - a potion of agility
Miscellaneous
 B - a lamp of fire
 E - a phantom mirror
Comestibles
 f - 14 rations


   Skills:
 + Level 8.9 Fighting
 * Level 11.3 Maces & Flails
 + Level 8.8 Armour
 + Level 8.8 Shields


You had 10 spell levels left.
You didn't know any spells.
Your spell library contained the following spells:

 Spells                   Type           Power        Failure   Level  Hunger
 Animate Skeleton         Necr           N/A          94%         1    ##.....
 Corona                   Hex            #......      94%         1    ##.....
 Pain                     Necr           #...         94%         1    ##.....
 Sandblast                Erth           #.....       94%         1    ##.....
 Sting                    Conj/Pois      #...         94%         1    ##.....
 Summon Small Mammal      Summ           #...         94%         1    ##.....
 Call Imp                 Summ           #.......     98%         2    ###....
 Ensorcelled Hibernation  Hex/Ice        #.....       98%         2    ###....
 Passwall                 Tmut/Erth      #.......     98%         2    ###....
 Call Canine Familiar     Summ           #.......     100%        3    ####...
 Confuse                  Hex            #.......     100%        3    ####...
 Dazzling Spray           Conj/Hex       #.....       100%        3    ####...
 Mephitic Cloud           Conj/Pois/Air  #.......     100%        3    ####...
 Regeneration             Chrm/Necr      #.........   100%        3    ####...
 Stone Arrow              Conj/Erth      #.....       100%        3    ####...
 Summon Guardian Golem    Hex/Summ       #.......     100%        3    ####...
 Tukima's Dance           Hex            #.......     100%        3    ####...
 Vampiric Draining        Necr           #.........   100%        3    ####...
 Airstrike                Air            #.........   100%        4    #####..
 Animate Dead             Necr           N/A          100%        4    #####..
 Petrify                  Tmut/Erth      #.......     100%        4    #####..
 Summon Ice Beast         Ice/Summ       #.......     100%        4    #####..
 Summon Lightning Spire   Summ/Air       #.......     100%        4    #####..
 Lee's Rapid Deconstruct  Erth           #.........   100%        5    ######.
 Conjure Ball Lightning   Conj/Air       #.........   100%        6    #######
 Deflect Missiles         Chrm/Air       #.........   100%        6    #######


Dungeon Overview and Level Annotations

Branches:
Dungeon (9/15)             Temple (1/1) D:6            Lair (1/6) D:9
    Orc: D:9-12

Altars:
Ashenzari
Cheibriados
Dithmenos
Elyvilon
Fedhas
Gozag
Hepliaklqana
Kikubaaqudgha
Makhleb
Nemelex Xobeh
Okawaru
Qazlal
Ru
Sif Muna
Trog
Uskayaw
Vehumet
Wu Jian
Yredelemnul
Zin
The Shining One

Shops:
D:8 *

Annotations:
Gauntlet 8 transporters, 2 runed translucent doors, exclusions: 2 lightning spires and obsidian statue


Innate Abilities, Weirdness & Mutations

You are resistant to torment.
Your stone body is resilient. (AC +8)
You are immune to poison.
You resist negative energy. (rN+)
You are resistant to electric shocks. (rElec)
You can survive without breathing.
You are immune to petrification.
You are immune to rotting.
Your mind is acute. (Int +2)
You are resistant to hostile enchantments. (MR+)
Your movements are slightly less encumbered by armour. (ER -2)


Message History

You reflect the javelin off an invisible shield around you!
The javelin hits the minotaur.
There is an open door here.
You feel very mighty all of a sudden.
The minotaur throws a javelin.
You reflect the javelin off an invisible shield around you!
The javelin hits the minotaur!
The minotaur hits you with a +2 quarterstaff of speed!!
Ouch! That really hurt!
The minotaur gores you.
* * * LOW HITPOINT WARNING * * *
You barely miss the minotaur.
The minotaur is lightly wounded.
The minotaur hits you with a +2 quarterstaff of speed.
* * * LOW HITPOINT WARNING * * *
The minotaur gores you.
* * * LOW HITPOINT WARNING * * *
You closely miss the minotaur.
The minotaur furiously retaliates!
The minotaur headbutts you!
You die...

######### #≈...##
####....##.######.....
##....##.##....####.8..
#..##.##....##..##§....
##.##....##.##...##...#
##....##.##.......#...#
#..##.##....##.©8.#...#
########.##.##....#...#
#∩.H@'.##....©8.#.8.#
######....##....#...#
..##.##.©8.#...#
#.##.......#...#
#....##...##§..#
..##.##..##≈§... #.# .#
##.8.. .. ##.....
#≈...##


You could see a minotaur.

Vanquished Creatures
  3 sixfirhies (Gauntlet)
  An elephant (shapeshifter) (Gauntlet)
  A spiny frog (Lair:1)
  A komodo dragon (Lair:1)
  A wind drake (shapeshifter) (Gauntlet)
  A hippogriff (Lair:1)
  A wyvern (D:9)
  A yak (shapeshifter) (Gauntlet)
  2 porcupines
  A water moccasin (Lair:1)
  Duvessa (D:4)
  10 orc warriors
  2 sky beasts (D:9)
  2 ice beasts (D:9)
  A black bear (D:9)
  A phantom (D:4)
  4 ogres
  A necrophage (D:9)
  4 centaurs
  6 bullfrogs
  3 scorpions
  Dowan (D:4)
  A howler monkey (D:4)
  3 wights (D:8)
  A crimson imp (D:9)
  2 jellies
  6 hounds
  9 orc priests
  3 bullfrog skeletons
  7 orc wizards
  2 iguanas
  6 worker ants
  A hound zombie (D:6)
  A worker ant zombie (D:6)
  12 adders
  5 gnolls
  3 shadow imps
  An adder zombie (D:9)
  An adder skeleton (D:7)
  2 worms (D:3)
  2 dart slugs (D:1)
  7 leopard geckos
  27 orcs
  4 bats
  12 giant cockroaches
  7 goblins
  7 hobgoblins
  7 jackals
  4 quokkas
  3 ball pythons
  9 frilled lizards
  2 jackal skeletons
  5 kobolds
  A quokka skeleton (D:9)
  A quokka zombie (D:6)
  9 rats
222 creatures vanquished.

Vanquished Creatures (others)
  A fungus (Gauntlet)
1 creature vanquished.

Grand Total: 223 creatures vanquished

Notes
Turn   | Place    | Note
-------+----------+-------------------------------------------
     0 | D:1      | Kisielow the Gargoyle Fighter began the quest for the Orb.
     0 | D:1      | Reached XP level 1. HP: 14/14 MP: 1/1
   175 | D:1      | Reached XP level 2. HP: 19/19 MP: 2/2
   427 | D:1      | Reached skill level 3 in Maces & Flails
   743 | D:2      | Reached XP level 3. HP: 20/23 MP: 3/3
  1072 | D:2      | Reached skill level 4 in Maces & Flails
  1075 | D:2      | Reached XP level 4. HP: 12/28 MP: 4/4
  1316 | D:2      | Found an iron altar of Okawaru.
  1316 | D:2      | Found a hazy altar of Hepliaklqana.
  1316 | D:2      | Found a deep blue altar of Sif Muna.
  1823 | D:3      | Reached XP level 5. HP: 25/32 MP: 5/5
  2271 | D:4      | Reached skill level 5 in Maces & Flails
  2305 | D:4      | Reached XP level 6. HP: 37/38 MP: 6/6
  2405 | D:4      | Noticed a phantom
  2459 | D:4      | Killed a phantom
  2459 | D:4      | Reached XP level 7. HP: 6/44 MP: 7/7
  2952 | D:4      | Noticed Dowan
  2953 | D:4      | Noticed Duvessa
  2955 | D:4      | Killed Dowan
  2955 | D:4      | Reached skill level 6 in Maces & Flails
  2964 | D:4      | Killed Duvessa
  3413 | D:5      | Entered Level 5 of the Dungeon
  4018 | D:6      | Reached skill level 5 in Armour
  4018 | D:6      | Reached skill level 5 in Shields
  4018 | D:6      | Reached XP level 8. HP: 48/48 MP: 8/8
  4025 | D:6      | Reached skill level 5 in Fighting
  4207 | D:6      | Found a glowing drain.
  4273 | Sewer    | Entered a sewer
  4410 | Sewer    | Reached skill level 7 in Maces & Flails
  4551 | Sewer    | Identified the Collected Works on Toxins and Air
  4873 | D:6      | Found a staircase to the Ecumenical Temple.
  5505 | D:7      | Found a sacrificial altar of Ru.
  5831 | D:7      | Found a sparkling altar of Nemelex Xobeh.
  5897 | D:7      | Found a shattered altar of Ashenzari.
  6066 | D:8      | Found Gozag's Platinum Reserve.
  6066 | D:8      | Found an opulent altar of Gozag.
  6157 | D:8      | Reached XP level 9. HP: 55/55 MP: 9/9
  6180 | D:8      | Reached skill level 8 in Maces & Flails
  6958 | D:9      | Reached skill level 9 in Maces & Flails
  7446 | D:9      | Reached XP level 10. HP: 56/63 MP: 10/10
  7692 | D:9      | Reached skill level 10 in Maces & Flails
  7699 | D:9      | Found a staircase to the Lair.
  8003 | Temple   | Entered the Ecumenical Temple
  8264 | Temple   | Became a worshipper of Qazlal Stormbringer
  8392 | Lair:1   | Entered Level 1 of the Lair of Beasts
  8410 | Lair:1   | HP: 3/64 [komodo dragon (7)]
  8425 | Lair:1   | Gained mutation: Your large and strong wings let you fly
                  | indefinitely. [potion of mutation]
  8425 | Lair:1   | Gained mutation: You are agile. (Dex +2) [potion of
                  | mutation]
  8425 | Lair:1   | Gained mutation: You are frail. (-10% HP) [potion of
                  | mutation]
  8425 | Lair:1   | Gained mutation: You are partially covered in slimy green
                  | scales. (AC +2) [potion of mutation]
  8426 | Lair:1   | Lost mutation: You are frail. (-10% HP) [potion of
                  | mutation]
  8426 | Lair:1   | Lost mutation: Your large and strong wings let you fly
                  | indefinitely. [potion of mutation]
  8426 | Lair:1   | Lost mutation: You are agile. (Dex +2) [potion of mutation]
  8426 | Lair:1   | Lost mutation: You are partially covered in slimy green
                  | scales. (AC +2) [potion of mutation]
  8426 | Lair:1   | Gained mutation: You are resistant to hostile enchantments.
                  | (MR+) [potion of mutation]
  8426 | Lair:1   | Gained mutation: Your movements are slightly less
                  | encumbered by armour. (ER -2) [potion of mutation]
  8426 | Lair:1   | Gained mutation: Your mind is acute. (Int +2) [potion of
                  | mutation]
  8517 | Lair:1   | Noticed a spiny frog
  8528 | Lair:1   | Killed a spiny frog
  8544 | Lair:1   | Found a gate leading to a gauntlet.
  8552 | Lair:1   | Noticed a spiny frog
  8560 | Gauntlet | Entered a Gauntlet
  8560 | Gauntlet | Found a transporter.
  8561 | Gauntlet | Noticed a salamander
  8563 | Gauntlet | Found a transporter.
  8563 | Gauntlet | a salamander changed into a dream sheep
  8570 | Gauntlet | Noticed a death drake
  8570 | Gauntlet | a redback changed into a death drake
  8571 | Gauntlet | Noticed a glowing orange brain
  8571 | Gauntlet | a death drake changed into a glowing orange brain
  8574 | Gauntlet | a glowing orange brain changed into a snapping turtle
  8575 | Gauntlet | Noticed a cyclops
  8575 | Gauntlet | a snapping turtle changed into a cyclops
  8577 | Gauntlet | a cyclops changed into a tarantella
  8579 | Gauntlet | Noticed a moth of wrath
  8579 | Gauntlet | a tarantella changed into a moth of wrath
  8580 | Gauntlet | Found a transporter.
  8581 | Gauntlet | a moth of wrath changed into a jumping spider
  8583 | Gauntlet | Found a transporter.
  8591 | Gauntlet | Noticed a sixfirhy
  8593 | Gauntlet | Found a transporter.
  8593 | Gauntlet | Noticed a sixfirhy
  8604 | Gauntlet | Noticed a sixfirhy
  8611 | Gauntlet | Found a runed translucent door.
  8613 | Gauntlet | Found a transporter.
  8616 | Gauntlet | Found a transporter.
  8620 | Gauntlet | Found a transporter.
  8626 | Gauntlet | Found a runed translucent door.
  8633 | Gauntlet | Noticed an apocalypse crab
  8643 | Gauntlet | Found a transporter.
  8643 | Gauntlet | Noticed an obsidian statue
  8651 | Gauntlet | Found a transporter.
  8651 | Gauntlet | Found a transporter.
  8652 | Gauntlet | Found the +0 Maxwell's etheric cage {RegenMP+ *Contam rElec
                  | MP+4}
  8659 | Gauntlet | Found a transporter.
  8663 | Gauntlet | Noticed a hell hog
  8762 | Gauntlet | Noticed an elephant
  8766 | Gauntlet | Noticed an elephant
  8768 | Gauntlet | Noticed a guardian serpent
  8768 | Gauntlet | an elephant changed into a guardian serpent
  8785 | Gauntlet | Killed an elephant
  8789 | Gauntlet | a guardian serpent changed into a wind drake
  8817 | Gauntlet | Killed a sixfirhy
  8817 | Gauntlet | Reached skill level 11 in Maces & Flails
  8817 | Gauntlet | Reached XP level 11. HP: 69/69 MP: 11/11
  8827 | Gauntlet | Killed a sixfirhy
  8836 | Gauntlet | Killed a sixfirhy
  8874 | Gauntlet | Got a pair of ichor-stained boots
  8902 | Gauntlet | Noticed a minotaur
  8907 | Gauntlet | Headbutted by a minotaur

Skill      XL: |  1  2  3  4  5  6  7  8  9 10 |
---------------+-------------------------------+-----
Maces & Flails | 3 4 5 6 7 9 11 | 11.3
Armour         | 4 5 6 7 8 |  8.8
Fighting       | 4 6 7 8 |  8.9
Shields        | 4 5 6 7 8 |  8.8

Action                   |  1- 3 |  4- 6 |  7- 9 | 10-12 || total
-------------------------+-------+-------+-------+-------++-------
Melee: Flail             |   117 |   130 |       |       ||   247
       Whip              |       |    33 |   421 |   208 ||   662
  Use: Potion            |     1 |     4 |       |     7 ||    12
       Scroll            |       |    11 |     9 |     2 ||    22
  Eat: Chunk             |     1 |     4 |    17 |     4 ||    26
Armor: Scale mail        |    17 |       |       |       ||    17
       Chain mail        |    65 |    91 |   128 |    61 ||   345
Dodge: Dodged            |    37 |    42 |    91 |    38 ||   208
Block: Shield            |    78 |   101 |   240 |   104 ||   523
       Reflection        |       |       |     2 |     2 ||     4
